 Dungeon Crawl Stone Soup version 0.27-a0-538-g15ff5c5295 (webtiles) character file.

Game seed: 14011647510519196448

61 sizableburger the Magician (level 3, 0/26 HPs)
             Began as a Mummy Fire Elementalist on Mar 6, 2021.
             Slain by Robin
             ... wielding a +1 falchion of holy wrath
              (12 damage)
             ... on level 2 of the Dungeon.
             The game lasted 00:10:19 (2862 turns).

sizableburger the Magician (MuFE)                   Turns: 2862, Time: 00:10:20

Health: 0/26       AC:  4    Str: 11    XL:     3   Next: 83%
Magic:  1/7        EV: 12    Int: 15    God:
Gold:   116        SH:  0    Dex: 12    Spells: 7/8 levels left

rFire    x . .     SeeInvis .   (no weapon)
rCold    + . .     Faith    .   (no shield)
rNeg     + + +     Spirit   .   a - +0 robe
rPois    ∞         Reflect  .   e - +0 helmet
rElec    .         Harm     .   (no cloak)
rCorr    .         Rampage  .   (no gloves)
Will     .....                  d - +0 pair of boots
Stlth    ++........             (no amulet)
HPRegen  0.08/turn              (no ring)
MPRegen  0.10/turn              (no ring)

@: no status effects
A: cold resistance 1, negative energy resistance 3, torment resistance 2,
unbreathing 1, heat vulnerability 1, no potions
a: no special abilities


You were on level 2 of the Dungeon.
You visited 1 branch of the dungeon, and saw 2 of its levels.

You collected 116 gold pieces.

Inventory:

Armour
 a - a +0 robe (worn)
 d - a +0 pair of boots (worn)
 e - a +0 helmet (worn)
Scrolls
 b - a scroll of identify
 c - a scroll of magic mapping


   Skills:
 - Level 1.1 Fighting
 - Level 1.5 Dodging
 - Level 1.5 Stealth
 + Level 3.4 Spellcasting
 + Level 1.7 Conjurations
 + Level 2.9 Fire Magic


You had 7 spell levels left.
You knew the following spells:

 Your Spells              Type           Power      Damage    Failure   Level
a - Foxfire               Conj/Fire      36%        2x1d5     8%          1

Your spell library contained the following spells:

 Spells                   Type           Power      Damage    Failure   Level
 Conjure Flame            Conj/Fire      9%         6-21      22%         3
 Inner Flame              Hex/Fire       7%         N/A       30%         3
 Sticky Flame             Conj/Fire      9%         2d3       58%         4
 Fireball                 Conj/Fire      4%         3d4       90%         5


Dungeon Overview and Level Annotations

Branches:
Dungeon (2/15)

Altars:

Annotations:
D:2 Robin, Sigmund


Innate Abilities, Weirdness & Mutations

You are immune to poison.
Your flesh is cold resistant. (rC+)
You are immune to negative energy. (rN+++)
You are immune to unholy pain and torment.
You can survive without breathing.
You are vulnerable to heat. (rF-)
You do not drink.


Message History

The hobgoblin goes into a battle-frenzy!
You hear a shout!
Robin roars a battlecry!
You hear a shout!
The hobgoblin no longer looks unusually strong.
You conjure some foxfire!
The hobgoblin hits you with a +0 club.
You conjure some foxfire!
The hobgoblin no longer looks unusually strong.
The foxfire hits the hobgoblin but does no damage.
The hobgoblin is severely wounded.
The foxfire hits the hobgoblin but does no damage.
The hobgoblin is severely wounded.
The hobgoblin misses you.
Robin roars a battlecry!
The hobgoblins go into a battle-frenzy!
You conjure some foxfire!
The hobgoblin no longer looks unusually strong.
The foxfire hits the hobgoblin.
You kill the hobgoblin!
The foxfire hits Robin.
Robin is lightly wounded.
Unknown command.
You conjure some foxfire!
The foxfire hits Robin but does no damage.
Robin is lightly wounded.
The foxfire hits Robin.
Robin is moderately wounded.
You conjure some foxfire!
The foxfire hits Robin.
Robin is heavily wounded.
The foxfire hits Robin but does no damage.
Robin is heavily wounded.
Robin barely misses you.
Unknown command.
You conjure some foxfire!
The foxfire hits Robin.
Robin is heavily wounded.
The foxfire hits Robin.
Robin is severely wounded.
Robin hits you with a +1 falchion of holy wrath!
You convulse!
You die...

...[..###.# #.#
#####g##..... ......##..#
#.# #..g.....# ......##.##
#.# #.#####... ......##.#
#.# #.# .## ......##.##
#.# #§#
####......######g#######§§
.##........##.........###§
............#..ggv....# #
##..............@v!...#
#...>......#...§§....#
#.....)....#.........#
##..........###########
...........##
.#...(.<....#
##..........# #......>...#
#.....<....#


You could see Robin (ally target) and 2 hobgoblins.

Vanquished Creatures
  2 adders
  A worm (D:2)
  2 dart slugs
  A leopard gecko (D:1)
  5 bats
  A giant cockroach (D:1)
  2 hobgoblins
  3 kobolds (D:2)
  3 quokkas (D:2)
  A frilled lizard (D:1)
  7 goblins
  7 rats
35 creatures vanquished.

Vanquished Creatures (collateral kills)
  A foxfire (D:1)
1 creature vanquished.

Vanquished Creatures (others)
  122 foxfires
122 creatures vanquished.

Grand Total: 158 creatures vanquished

Notes
Turn   | Place    | Note
-------+----------+-------------------------------------------
     0 | D:1      | sizableburger the Mummy Fire Elementalist began the quest
                  | for the Orb.
     0 | D:1      | Reached XP level 1. HP: 13/13 MP: 4/4
   209 | D:1      | Reached skill level 3 in Spellcasting
   209 | D:1      | Reached skill level 1 in Conjurations
   326 | D:1      | Reached XP level 2. HP: 20/20 MP: 3/6
  1620 | D:2      | Reached skill level 1 in Fighting
  1658 | D:2      | Noticed Robin
  1814 | D:2      | Reached XP level 3. HP: 19/26 MP: 0/7
  2163 | D:2      | Noticed Sigmund
  2862 | D:2      | Slain by Robin

Illustrated notes

Levels and vault maps discovered:
D:1:      denvon_arrival_planthouse, layout_basic, serial_co_window_serial,
          co_window_paths_b, co_window_corner_a, co_window_corner_a,
          co_window_corner_a, co_window_corner_a, co_window_paths_c,
          co_window_paths_c, co_window_corner_b, co_window_paths_e,
          glass_columns_a, glass_columns_b, glass_columns_a, glass_columns_a,
          glass_columns_b
D:2:      layout_rooms, chequers_arboretum, uniq_robin, uniq_sigmund

Skill      XL: |  1  2 |
---------------+-------+-----
Spellcasting   | 3 |  3.4
Conjurations   | 1 |  1.7
Fighting       | 1 |  1.1
Dodging        | |  1.5
Stealth        | |  1.5
Fire Magic     | |  2.9

Action                   || total
-------------------------++-------
Melee: Unarmed           ||     5
 Cast: Foxfire           ||    70
  Use: Scroll            ||     2
Armor: Robe              ||     4
Dodge: Dodged            ||    20

Table legend: (Time is in decaauts)
 A = Elapsed time spent in this place.
 B = Non-inter-level travel time spent in this place.
 C = Inter-level travel time spent in this place.
 D = Time resting spent in this place.
 E = Time spent auto-exploring this place.
 F = Levels seen in this place.
 G = Mean time per level.
                   A        B        C        D        E       F      G
               +--------+--------+--------+--------+--------+-----+--------+
         Total |   2864 |   2558 |    306 |    557 |   1596 |   2 | 1432.0 |
       Dungeon |   2864 |   2558 |    306 |    557 |   1596 |   2 | 1432.0 |
               +--------+--------+--------+--------+--------+-----+--------+

Top non-repeatable levels by time:
     D:1: 1963 daAuts
     D:2: 901 daAuts
